 Dungeon Crawl Stone Soup version 0.31-a0-164-g2312942fda (webtiles) character file.

Game seed: 14354418357346798709

8101 qw the Cleaver (level 11, 0/71 HPs)
             Began as a Gargoyle Fighter on June 13, 2023.
             Was a Priest of Okawaru.
             Slain by Lodul
             ... wielding a +1 heavy dire flail
              (32 damage)
             ... on level 11 of the Dungeon.
             The game lasted 00:04:39 (10594 turns).

qw the Cleaver (Gargoyle Fighter)                  Turns: 10594, Time: 00:04:39

Health: 0/71       AC: 29    Str: 25    XL:     11   Next: 25%
Magic:  13/14      EV:  9    Int:  8    God:    Okawaru [***...]
Gold:   489        SH:  6    Dex:  9    Spells: 10/10 levels left

rFire   . . .        Y - +0 war axe
rCold   . . .        c - +0 buckler
rNeg    + . .        h - +0 plate armour
rPois   inf          a - +0 helmet
rElec   +            (no cloak)
rCorr   .            e - +2 pair of gloves {hurl}
SInv    +            (no boots)
Will    .....        o - amulet of regeneration Stlth
                     i - ring of see invisible
HPRegen 1.11/turn    (no ring)
MPRegen 0.14/turn

%: no passive effects
@: heroic
A: sickness immunity, AC +8, negative energy resistance 1, electricity
resistance, torment resistance 1, petrification resistance
a: Renounce Religion, Heroism


You were on level 11 of the Dungeon.
You worshipped Okawaru.
Okawaru was most pleased with you.
You visited 2 branches of the dungeon, and saw 12 of its levels.

You collected 537 gold pieces.
You spent 48 gold pieces at shops.


Innate Abilities, Weirdness & Mutations

You are immune to sickness and miasma.
Your stone body is resilient. (AC +8)
You are immune to poison.
You resist negative energy. (rN+)
You are resistant to electric shocks. (rElec)
You are resistant to unholy torment.
You are immune to petrification.


   Skills:
 - Level 9.0(14.0) Fighting
 + Level 11.7(16.7) Axes
 - Level 1.0(6.0) Throwing
 - Level 8.0(13.0) Armour
 - Level 1.1(6.1) Dodging
 - Level 5.1(10.1) Shields
 - Level 4.2 Invocations


You had 10 spell levels left.
You didn't know any spells.
Your spell library was empty.

Inventory:

Hand Weapons
 p - a +0 morningstar
 Y - a +0 war axe (weapon)
Missiles
 j - 7 boomerangs (quivered)
Armour
 a - a +0 helmet (worn)
 c - a +0 buckler (worn)
 e - a +2 pair of gloves of hurling (worn)
 h - a +0 plate armour (worn)
Jewellery
 i - a ring of see invisible (left hand)
 o - an amulet of regeneration (around neck)
Scrolls
 b - 3 scrolls of teleportation
 m - a scroll of identify
Potions
 d - 2 potions of might
 f - 2 potions of lignification
 g - 3 potions of curing
 k - a potion of cancellation

Dungeon Overview and Level Annotations

Branches:
Dungeon (11/15)            Temple (1/1) D:4
   Lair: D:8-11         Orc: D:9-12

Altars:
Ashenzari
Cheibriados
Dithmenos
Elyvilon
Fedhas
Gozag
Hepliaklqana
Kikubaaqudgha
Makhleb
Nemelex Xobeh
Okawaru
Qazlal
Ru
Sif Muna
Trog
Uskayaw
Vehumet
Wu Jian
Xom
Yredelemnul
Zin
The Shining One

Shops:
D:7 (   D:10 :

Annotations:
D:1 exclusion: kobold
D:2 1 runed translucent door, Crazy Yiuf
D:10 2 runed translucent doors
D:11 Lodul


Message History

The ogre is severely wounded.
You slash the ogre! The ogre barely misses you.
You slice the ogre!!
You kill the ogre!
Okawaru accepts your kill.
You hit the ogre. The ogre hits you with a +0 giant club!
10586 ||| INVOKING Heroism.
You gain the combat prowess of a mighty hero.
You closely miss the ogre.
The ogre is heavily wounded.
The ogre misses you.
You hit the ogre.
The ogre is severely wounded.
You hit the ogre. The ogre misses you.
You hit the ogre.
The ogre is almost dead.
You hit the ogre but do no damage.
An ogre comes into view. It is wielding a +0 giant club.
The ogre hits you with a +0 giant club!
The ogre shouts!
You slice the ogre!!
You kill the ogre!
Okawaru accepts your kill.
You hit the ogre. You hit the ogre.
The ogre is heavily wounded.
The ogre hits you with a +0 giant club.
You slash the ogre!
You kill the ogre!
Okawaru accepts your kill.
You hit Lodul but do no damage. You barely miss Lodul. You slice Lodul!!
Lodul is moderately wounded.
Lodul stamps his feet.
Lodul hits you with a +1 heavy dire flail!!
You die...

#
.###.####
........#
.###<##<#
#@#


#OOO.OO.. ########. You could see Lodul and 4 ogres.

Vanquished Creatures
  A two-headed ogre (D:10)
  A gargoyle (D:10)
  An unseen horror (D:10)
  2 trolls (D:9)
  2 hornets (D:10)
  2 wraiths
  A wyvern (D:9)
  4 yaks (D:10)
  Grum (D:8)
  A steam dragon (D:9)
  4 vampire mosquitoes (D:10)
  A water moccasin (D:9)
  5 orc warriors
  2 sky beasts
  2 ice beasts
  A black bear (D:5)
  7 ogres
  4 wolves (D:8)
  5 centaurs
  A phantom (D:5)
  6 bullfrogs
  A gnoll sergeant (D:6)
  4 scorpions
  8 killer bees
  7 howler monkeys
  5 orc priests
  A hound (D:5)
  2 jellies
  2 sleepcaps
  Jessica (D:3)
  Ijyb (D:3)
  2 orc wizards
  Robin (D:2)
  14 gnolls
  6 adders
  A white imp (D:6)
  An ufetubus (D:5)
  3 worms
  2 dart slugs
  21 orcs
  4 endoplasms
  3 giant cockroaches
  11 goblins
  9 hobgoblins
  3 quokkas
  9 ball pythons
  7 bats
  3 frilled lizards (D:3)
  7 kobolds
  6 rats
199 creatures vanquished.

Notes
Turn   | Place    | Note
-------+----------+-------------------------------------------
     0 | D:1      | qw the Gargoyle Fighter began the quest for the Orb.
     0 | D:1      | Reached XP level 1. HP: 14/14 MP: 1/1
     0 | D:1      | 0 ||| qw: Version: 0.2-a-29-gc1b59c4
     0 | D:1      | 0 ||| qw: Game counter: 4570
     0 | D:1      | 0 ||| qw: Always use a shield: true
     0 | D:1      | 0 ||| qw: God list: Okawaru
     0 | D:1      | 0 ||| qw: Allow faded altars: false
     0 | D:1      | 0 ||| qw: Do Orc after D:15 true
     0 | D:1      | 0 ||| qw: Do second Lair branch before Depths: true
     0 | D:1      | 0 ||| qw: Lair rune preference: random
     0 | D:1      | 0 ||| qw: Plans: Normal, Zot:1-4, Slime:5, God:TSO, Crypt,
                  | Tomb, Abyss, Pan, Hells, Win
     0 | D:1      | 0 ||| PLANNING D:1-11
    43 | D:1      | Reached skill level 2 in Axes
    96 | D:1      | 96 ||| Stepping ~*~*~tactically~*~*~ (hiding).
   105 | D:1      | Reached XP level 2. HP: 16/19 MP: 2/2
   409 | D:1      | 409 ||| Stepping ~*~*~tactically~*~*~ (hiding).
   717 | D:1      | Reached skill level 3 in Axes
   733 | D:1      | 733 ||| DROPPING +0 club.
   822 | D:1      | 822 ||| DROPPING amulet of magic regeneration.
   823 | D:1      | 823 ||| READING scroll labelled ELYSIM QOECAOSH.
   824 | D:1      | 824 ||| READING scroll labelled NALEUMU GEAFRU.
   825 | D:1      | 825 ||| READING scroll labelled JEAKLIBAAN.
   891 | D:2      | Reached XP level 3. HP: 23/23 MP: 3/3
  1153 | D:2      | 1153 ||| Stepping ~*~*~tactically~*~*~ (stealth).
  1163 | D:2      | Noticed Robin
  1164 | D:2      | 1164 ||| Stepping ~*~*~tactically~*~*~ (hiding).
  1171 | D:2      | 1171 ||| Stepping ~*~*~tactically~*~*~ (hiding).
  1180 | D:2      | Killed Robin
  1629 | D:2      | 1629 ||| Stepping ~*~*~tactically~*~*~ (hiding).
  1701 | D:2      | Reached XP level 4. HP: 27/28 MP: 4/4
  1732 | D:2      | Found a runed translucent door.
  1733 | D:2      | Noticed Crazy Yiuf
  1790 | D:2      | Reached skill level 4 in Axes
  1895 | D:2      | 1895 ||| UPGRADING to +0 helmet.
  1900 | D:2      | 1900 ||| UPGRADING to +0 plate armour.
  1910 | D:2      | 1910 ||| DROPPING +0 scale mail.
  1911 | D:2      | 1911 ||| DROPPING +6 ring of intelligence.
  1912 | D:2      | 1912 ||| READING scroll labelled JAIZOC XIKE.
  1913 | D:2      | 1913 ||| READING scroll labelled NURREUS NORACW.
  1969 | D:3      | Noticed Jessica
  1976 | D:3      | 1976 ||| FLEEEEING.
  1977 | D:3      | 1977 ||| FLEEEEING.
  1978 | D:3      | 1978 ||| FLEEEEING.
  1979 | D:3      | 1979 ||| FLEEEEING.
  1980 | D:3      | 1980 ||| FLEEEEING.
  1981 | D:3      | 1981 ||| FLEEEEING.
  1983 | D:3      | 1983 ||| STAIRDANCE
  2107 | D:3      | Killed Jessica
  2121 | D:3      | 2121 ||| Stepping ~*~*~tactically~*~*~ (stealth).
  2125 | D:3      | 2125 ||| Stepping ~*~*~tactically~*~*~ (stealth).
  2128 | D:3      | 2128 ||| Stepping ~*~*~tactically~*~*~ (stealth).
  2131 | D:3      | 2131 ||| Stepping ~*~*~tactically~*~*~ (hiding).
  2143 | D:3      | Reached XP level 5. HP: 11/32 MP: 5/5
  2177 | D:3      | 2177 ||| FLEEEEING.
  2178 | D:3      | 2178 ||| FLEEEEING.
  2179 | D:3      | 2179 ||| FLEEEEING.
  2182 | D:3      | 2182 ||| FLEEEEING.
  2184 | D:3      | 2184 ||| FLEEEEING.
  2186 | D:3      | 2186 ||| FLEEEEING.
  2188 | D:3      | 2188 ||| FLEEEEING.
  2189 | D:3      | 2189 ||| FLEEEEING.
  2190 | D:3      | 2190 ||| FLEEEEING.
  2191 | D:3      | 2191 ||| STAIRDANCE
  2328 | D:3      | 2328 ||| Stepping ~*~*~tactically~*~*~ (stealth).
  2329 | D:3      | 2329 ||| Stepping ~*~*~tactically~*~*~ (stealth).
  2340 | D:3      | 2340 ||| Stepping ~*~*~tactically~*~*~ (stealth).
  2341 | D:3      | 2341 ||| Stepping ~*~*~tactically~*~*~ (stealth).
  2342 | D:3      | 2342 ||| DROPPING +0 whip.
  2374 | D:3      | 2374 ||| DROPPING +0 mace.
  2398 | D:3      | 2398 ||| Stepping ~*~*~tactically~*~*~ (stealth).
  2399 | D:3      | 2399 ||| Stepping ~*~*~tactically~*~*~ (stealth).
  2400 | D:3      | 2400 ||| Stepping ~*~*~tactically~*~*~ (stealth).
  2424 | D:3      | 2424 ||| Stepping ~*~*~tactically~*~*~ (hiding).
  2678 | D:3      | Reached skill level 5 in Axes
  2836 | D:3      | 2836 ||| Stepping ~*~*~tactically~*~*~ (stealth).
  2896 | D:3      | 2896 ||| Stepping ~*~*~tactically~*~*~ (stealth).
  2936 | D:3      | Noticed Ijyb
  2947 | D:3      | HP: 8/33 [Ijyb/+0 club (6)]
  2949 | D:3      | HP: 3/33 [Ijyb/+0 club (3)]
  2950 | D:3      | Killed Ijyb
  2951 | D:3      | Reached XP level 6. HP: 4/38 MP: 6/6
  3360 | D:3      | 3360 ||| UPGRADING to ring of see invisible.
  3361 | D:3      | 3361 ||| READING scroll labelled VESKEJYDUH.
  3462 | D:3      | 3462 ||| READING scroll labelled NOUMOVENIW.
  3463 | D:3      | 3463 ||| READING scroll labelled KEREISICUM.
  3539 | D:4      | Found a stormy altar of Qazlal.
  3700 | D:4      | 3700 ||| Stepping ~*~*~tactically~*~*~ (stealth).
  3702 | D:4      | 3702 ||| Stepping ~*~*~tactically~*~*~ (stealth).
  3704 | D:4      | 3704 ||| Stepping ~*~*~tactically~*~*~ (stealth).
  3777 | D:4      | Found a staircase to the Ecumenical Temple.
  3778 | D:4      | 3778 ||| PLANNING TEMPLE
  3778 | D:4      | 3778 ||| READING scroll labelled MAPRAOH VITYC.
  4034 | Temple   | Entered the Ecumenical Temple
  4034 | Temple   | Found a transporter.
  4034 | Temple   | Found a transporter.
  4036 | Temple   | Found a transporter.
  4036 | Temple   | Found a transporter.
  4046 | Temple   | 4046 ||| PLANNING D:1-11
  4051 | Temple   | 4051 ||| PLANNING OKAWARU WORSHIP
  4058 | Temple   | Became a worshipper of Warmaster Okawaru
  4058 | Temple   | 4058 ||| PLANNING D:1-11
  4125 | D:5      | Entered Level 5 of the Dungeon
  4153 | D:5      | Reached skill level 6 in Axes
  4340 | D:5      | 4340 ||| Stepping ~*~*~tactically~*~*~ (stealth).
  4390 | D:5      | Reached XP level 7. HP: 39/43 MP: 7/7
  4527 | D:5      | Found a basalt altar of Yredelemnul.
  4529 | D:5      | 4529 ||| DRINKING 3 green potions.
  4719 | D:5      | Reached * piety under Okawaru
  4764 | D:5      | Identified the +1 leather armour of Umniuruu {Stlth+}
  4822 | D:5      | 4822 ||| Stepping ~*~*~tactically~*~*~ (stealth).
  5041 | D:5      | 5041 ||| DRINKING 2 fuming grey potions.
  5042 | D:5      | 5042 ||| READING 5 scrolls of identify.
  5042 | D:5      | 5042 ||| IDENTIFYING emerald potion
  5043 | D:5      | 5043 ||| READING 4 scrolls of identify.
  5043 | D:5      | 5043 ||| IDENTIFYING smoky red potion
  5044 | D:5      | 5044 ||| READING 3 scrolls of identify.
  5044 | D:5      | 5044 ||| IDENTIFYING coppery potion
  5045 | D:5      | 5045 ||| READING 2 scrolls of identify.
  5045 | D:5      | 5045 ||| IDENTIFYING bubbling inky potion
  5046 | D:5      | 5046 ||| DROPPING potion of brilliance.
  5047 | D:5      | 5047 ||| DROPPING potion of invisibility.
  5092 | D:6      | 5092 ||| STAIRDANCE
  5196 | D:6      | 5196 ||| INVOKING Heroism.
  5208 | D:6      | 5208 ||| STAIRDANCE
  5212 | D:5      | Reached skill level 7 in Axes
  5215 | D:5      | Reached skill level 1 in Invocations
  5220 | D:5      | Reached XP level 8. HP: 39/48 MP: 7/9
  5257 | D:6      | 5257 ||| STAIRDANCE
  5304 | D:6      | 5304 ||| STAIRDANCE
  5310 | D:5      | Reached skill level 3 in Invocations
  5338 | D:6      | 5338 ||| Stepping ~*~*~tactically~*~*~ (hiding).
  5452 | D:6      | Reached skill level 1 in Dodging
  5467 | D:6      | 5467 ||| Stepping ~*~*~tactically~*~*~ (stealth).
  5468 | D:6      | 5468 ||| Stepping ~*~*~tactically~*~*~ (stealth).
  5469 | D:6      | 5469 ||| Stepping ~*~*~tactically~*~*~ (stealth).
  5471 | D:6      | 5471 ||| Stepping ~*~*~tactically~*~*~ (hiding).
  5488 | D:6      | Reached skill level 1 in Throwing
  5863 | D:6      | 5863 ||| UPGRADING to +0 pair of gloves.
  5868 | D:6      | 5868 ||| UPGRADING to amulet of regeneration.
  5910 | D:7      | 5910 ||| Stepping ~*~*~tactically~*~*~ (stealth).
  5911 | D:7      | 5911 ||| Stepping ~*~*~tactically~*~*~ (stealth).
  5918 | D:7      | 5918 ||| INVOKING Heroism.
  5978 | D:7      | Reached skill level 8 in Axes
  6073 | D:7      | 6073 ||| READING scroll of enchant armour.
  6073 | D:7      | 6073 ||| ENCHANTING +0 pair of gloves.
  6143 | D:7      | Reached XP level 9. HP: 51/54 MP: 12/12
  6178 | D:7      | Reached skill level 6 in Fighting
  6211 | D:7      | 6211 ||| INVOKING Heroism.
  6447 | D:7      | 6447 ||| INVOKING Heroism.
  6556 | D:7      | Found Domaast's Weapon Boutique.
  6562 | D:7      | 6562 ||| BUYING +0 morningstar (48 gold).
  6562 | D:7      | Bought a +0 morningstar for 48 gold pieces
  6562 | D:7      | 6562 ||| DROPPING +0 flail.
  6853 | D:8      | Noticed Grum
  6854 | D:8      | 6854 ||| Stepping ~*~*~tactically~*~*~ (stealth).
  6861 | D:8      | 6861 ||| INVOKING Heroism.
  6866 | D:8      | Reached ** piety under Okawaru
  6869 | D:8      | Reached skill level 9 in Axes
  6873 | D:8      | Killed Grum
  6909 | D:8      | 6909 ||| INVOKING Heroism.
  6927 | D:8      | Reached skill level 6 in Armour
  7490 | D:8      | Found a bloodstained altar of Trog.
  7497 | D:8      | 7497 ||| INVOKING Heroism.
  7790 | D:8      | 7790 ||| Stepping ~*~*~tactically~*~*~ (hiding).
  7795 | D:8      | 7795 ||| INVOKING Heroism.
  7806 | D:8      | Reached XP level 10. HP: 63/63 MP: 11/13
  8029 | D:8      | 8029 ||| READING 2 scrolls labelled JUDUTA WIT.
  8030 | D:8      | 8030 ||| READING 2 scrolls of identify.
  8030 | D:8      | 8030 ||| IDENTIFYING white potion
  8031 | D:8      | 8031 ||| DROPPING scroll of vulnerability.
  8032 | D:8      | 8032 ||| DROPPING potion of degeneration.
  8212 | D:9      | 8212 ||| Stepping ~*~*~tactically~*~*~ (stealth).
  8214 | D:9      | 8214 ||| INVOKING Heroism.
  8218 | D:9      | 8218 ||| Stepping ~*~*~tactically~*~*~ (stealth).
  8219 | D:9      | 8219 ||| Stepping ~*~*~tactically~*~*~ (stealth).
  8234 | D:9      | 8234 ||| INVOKING Heroism.
  8244 | D:9      | Reached skill level 10 in Axes
  8270 | D:9      | 8270 ||| INVOKING Heroism.
  8479 | D:9      | 8479 ||| INVOKING Heroism.
  8537 | D:9      | 8537 ||| Stepping ~*~*~tactically~*~*~ (hiding).
  8539 | D:9      | 8539 ||| FLEEEEING.
  8540 | D:9      | 8540 ||| FLEEEEING.
  8541 | D:9      | 8541 ||| FLEEEEING.
  8542 | D:9      | 8542 ||| FLEEEEING.
  8543 | D:9      | 8543 ||| FLEEEEING.
  8544 | D:9      | 8544 ||| FLEEEEING.
  8549 | D:9      | 8549 ||| FLEEEEING.
  8550 | D:9      | 8550 ||| FLEEEEING.
  8551 | D:9      | 8551 ||| FLEEEEING.
  8552 | D:9      | 8552 ||| FLEEEEING.
  8555 | D:9      | 8555 ||| INVOKING Heroism.
  8583 | D:9      | 8583 ||| FLEEEEING.
  8779 | D:9      | 8779 ||| INVOKING Heroism.
  9101 | D:9      | 9101 ||| INVOKING Heroism.
  9302 | D:9      | 9302 ||| DROPPING ring of magical power.
  9335 | D:10     | Entered Level 10 of the Dungeon
  9428 | D:10     | Found Vowediu's Book Shoppe.
  9471 | D:10     | Noticed an unseen horror
  9476 | D:10     | Killed an unseen horror
  9595 | D:10     | Noticed a two-headed ogre
  9596 | D:10     | 9596 ||| INVOKING Heroism.
  9621 | D:10     | 9621 ||| INVOKING Heroism.
  9626 | D:10     | Killed a two-headed ogre
  9626 | D:10     | Reached *** piety under Okawaru
  9627 | D:10     | Reached skill level 11 in Axes
  9667 | D:10     | Reached XP level 11. HP: 59/69 MP: 14/14
  9670 | D:10     | Reached skill level 9 in Fighting
  9699 | D:10     | Found a runed translucent door.
  9704 | D:10     | Found a runed translucent door.
  9900 | D:10     | 9900 ||| Stepping ~*~*~tactically~*~*~ (hiding).
  9901 | D:10     | 9901 ||| Stepping ~*~*~tactically~*~*~ (hiding).
 10249 | D:10     | 10249 ||| INVOKING Heroism.
 10255 | D:10     | HP: 15/71 [gargoyle/stone arrow (12)]
 10256 | D:10     | 10256 ||| READING 4 scrolls of teleportation.
 10257 | D:10     | 10257 ||| DRINKING potion of heal wounds.
 10534 | D:10     | 10534 ||| UPGRADING to +2 pair of gloves of hurling.
 10544 | D:10     | 10544 ||| DROPPING +1 pair of gloves.
 10568 | D:11     | 10568 ||| Stepping ~*~*~tactically~*~*~ (stealth).
 10575 | D:11     | Noticed Lodul
 10586 | D:11     | 10586 ||| INVOKING Heroism.
 10594 | D:11     | Slain by Lodul

Levels and vault maps discovered:
D:1:      dpeg_arrival_rooms_c, layout_loops_cross
D:2:      layout_loops_corners, uniq_robin, uniq_crazy_yiuf_cottage
D:3:      layout_loops_ring, serial_aquarium, aquarium_bridge_long_separate
          [aquarium_subvault_wall, aquarium_subvault_bridge,
          aquarium_subvault_bridge, aquarium_subvault_bridge,
          aquarium_subvault_wall, aquarium_subvault_wall],
          aquarium_bridge_square [aquarium_subvault_balcony,
          aquarium_subvault_wall, aquarium_subvault_bridge,
          aquarium_subvault_wall], aquarium_window_2,
          aquarium_window_corridor_1, aquarium_window_1, aquarium_window_1,
          aquarium_view_2c, uniq_ijyb, uniq_jessica
D:4:      cheibrodos_old_hovel, layout_rooms, amcnicky_altar_gilded, temple_hall
D:5:      layout_basic, mainiacjoe_overflow_cross_hatched,
          kennysheep_opposing_triangles
D:6:      layout_cave_pools
D:7:      layout_basic, serial_shops, kennysheep_little_box,
          nicolae_eternal_life
D:8:      layout_layer_cave, trog_butcher_becter, uniq_grum
D:9:      layout_grid_maze
D:10:     lemuel_insect_pit, layout_layer_cave, serial_shops,
          nicolae_stop_n_shop_1
D:11:     layout_loops_ring, dpeg_lair_monsters, orc_0_dummy,
          roderic_serpentine_path, uniq_josephine, uniq_lodul
Temple:   hellmonk_temple_divided_pantheon

Skill      XL: |  1  2  3  4  5  6  7  8  9 10 11 |
---------------+----------------------------------+-----
Axes           | 2 3 4 5 6 7 8 9 11 | 11.7
Fighting       | 4 5 7 8 9 |  9.0
Armour         | 4 5 6 7 8 |  8.0
Invocations    | 1 4 |  4.2
Dodging        | 1 |  1.1
Throwing       | 1 |  1.0
Shields        | 4 5 |  5.1

Action                     |  1- 3 |  4- 6 |  7- 9 | 10-12 || total
---------------------------+-------+-------+-------+-------++-------
  Melee: War axe           |   107 |   169 |   236 |   223 ||   735
  Throw: Boomerang         |       |    28 |    58 |    33 ||   119
 Invoke: Heroism           |       |       |     8 |    11 ||    19
    Use: Scroll            |     3 |     6 |     5 |     3 ||    17
         Potion            |       |       |     2 |     1 ||     3
 Armour: Scale mail        |    50 |     1 |       |       ||    51
         Plate armour      |       |   110 |   222 |   186 ||   518
         Skin              |       |       |     2 |       ||     2
  Dodge: Dodged            |    52 |    55 |   112 |    90 ||   309
  Block: Buckler           |    24 |    33 |    58 |    58 ||   173

Table legend:
 A = Non-vault XP
 B = Vault XP
 C = Vault XP percentage of total XP
 D = Non-vault monster count
 E = Vault monster count
 F = Vault count percentage of total count
                 A         B        C        D         E       F
            +---------+---------+-------+---------+---------+-------
      Total |    9806 |    1767 |  15.3 |     166 |      33 |  16.6
            +---------+---------+-------+---------+---------+-------
        D:1 |      33 |       0 |   0.0 |      21 |       0 |   0.0
        D:2 |      33 |      34 |  50.7 |       9 |      12 |  57.1
        D:3 |     182 |      72 |  28.3 |      28 |       2 |   6.7
        D:4 |     126 |       1 |   0.8 |      13 |       1 |   7.1
        D:5 |     922 |      32 |   3.4 |      19 |       4 |  17.4
        D:6 |     438 |       0 |   0.0 |      12 |       0 |   0.0
        D:7 |     975 |       0 |   0.0 |      12 |       0 |   0.0
        D:8 |     782 |    1032 |  56.9 |      11 |       9 |  45.0
        D:9 |    2076 |       0 |   0.0 |      23 |       0 |   0.0
       D:10 |    4239 |       0 |   0.0 |      18 |       0 |   0.0
       D:11 |       0 |     596 | 100.0 |       0 |       5 | 100.0
            +---------+---------+-------+---------+---------+-------
